 Dungeon Crawl Stone Soup version 0.29-a0-284-gf9362112df (webtiles) character file.

Game seed: 2331024480585798624

75 ders the Magician (level 4, 0/31 HPs)
             Began as a Djinni Fire Elementalist on Mar 24, 2022.
             Slain by an orc
             ... wielding a +0 hand axe
              (5 damage)
             ... on level 3 of the Dungeon.
             The game lasted 00:02:02 (2249 turns).

ders the Magician (Djinni Fire Elementalist)        Turns: 2249, Time: 00:02:04

Health: 0/31       AC:  2    Str:  7    XL:     4   Next: 55%
Gold:   66         EV: 12    Int: 19    God:
                   SH:  0    Dex: 19

rFire   + + +      SeeInvis .   e - +0 war axe
rCold   x . .      Faith    .   (no shield)
rNeg    . . .      Spirit   .   a - +0 robe
rPois   ∞          Reflect  .   (no helmet)
rElec   .          Harm     .   (no cloak)
rCorr   .          Rampage  .   (no gloves)
Will    .....                   (boots unavailable)
Stlth   ++........              (no amulet)
HPRegen 0.10/turn               k - ring of protection from fire
MPRegen 0.00/turn               l - +6 ring of dexterity

@: flying
A: sickness immunity, fire resistance 2, cold vulnerability 1, float, innate
caster, HP casting, extra vitality 1
a: no special abilities


You were on level 3 of the Dungeon.
You visited 1 branch of the dungeon, and saw 3 of its levels.

You collected 66 gold pieces.

Inventory:

Hand Weapons
 e - a +0 war axe (weapon)
Missiles
 i - a throwing net
Armour
 a - a +0 robe (worn)
Jewellery
 k - a ring of protection from fire (left hand)
 l - a +6 ring of dexterity (right hand)
Wands
 m - a wand of flame (19)
Scrolls
 f - a scroll of torment {unknown}
 g - a scroll of teleportation {unknown}
 h - a scroll of immolation {unknown}
 j - 5 scrolls of identify {unknown}
Potions
 b - a potion of experience {unknown}
 c - 2 potions of flight {unknown}
 d - 2 potions of curing {unknown}


   Skills:
 - Level 2.1 Dodging
 - Level 1.5 Stealth
 + Level 3.9 Spellcasting


You couldn't memorise any spells.
You knew the following spells:

 Your Spells              Type           Power      Damage    Failure   Level
a - Foxfire               Conj/Fire      72%        2x1d7     2%          1
b - Scorch                Fire           36%        2d6       4%          2
c - Conjure Flame         Conj/Fire      18%        6-21      9%          3
d - Inner Flame           Hex/Fire       18%        N/A       9%          3
e - Flame Wave            Conj/Fire      18%        2d6       26%         4
f - Slow                  Hex            72%        N/A       2%          1
Your spell library was empty.

Dungeon Overview and Level Annotations

Branches:
Dungeon (2/15)

Altars:
Fedhas
Nemelex Xobeh

Shops:
D:2 (

Annotations:
D:3 1 transporter


Innate Abilities, Weirdness & Mutations

You are immune to sickness and miasma.
You are immune to poison.
Your flesh is very heat resistant. (rF++)
You are vulnerable to cold. (rC-)
You float through the air rather than walking.
You learn spells naturally, not from books.
Your magical power is your life essence.
You have superior vitality. (+4 MHP)


Message History

The orc's fire resistance burns away.
The orc hits you from afar with a +0 trident.
The orc hits you from afar with a +0 trident.
Unknown command.
Casting: Scorch (safe; 4% risk of failure)
Confirm with . or Enter, or press ? or * to list all spells.
Flames lash the orc.
The orc is burned terribly!
You kill the orc!
Unknown command.
Casting: Scorch (safe; 4% risk of failure)
Confirm with . or Enter, or press ? or * to list all spells.
Flames lash the hobgoblin.
The hobgoblin is heavily wounded.
The hobgoblin's fire resistance burns away.
You hear a shout!
The hobgoblin barely misses you.
An orc comes into view. It is wielding a +0 hand axe.
The hobgoblin hits you.
Unknown command.
Casting: Scorch (safe; 4% risk of failure)
Confirm with . or Enter, or press ? or * to list all spells.
Flames lash the hobgoblin.
The hobgoblin is burned terribly!
You kill the hobgoblin!
Unknown command.
Casting: Scorch (safe; 4% risk of failure)
Confirm with . or Enter, or press ? or * to list all spells.
You conjure some foxfire!
The foxfire hits the orc but does no damage.
An orc comes into view. It is wielding a +0 whip.
Unknown command.
Casting: Foxfire (safe; 2% risk of failure)
Confirm with . or Enter, or press ? or * to list all spells.
Flames lash the orc.
The orc is almost dead.
The orc's fire resistance burns away.
The orc shouts!
The orc hits you with a +0 hand axe.
* * * LOW HITPOINT WARNING * * *
The orc hits you with a +0 hand axe.
You die...

##...#.#.##...
####......#.###.#
#.........#.# #.#
#.####.##..)...#.###.#
#......†....)........#
######.#########.#####
#.# #.# #.######.# #.#
..o..)o@v# #.#
..######## #.# ..# ###


You could see 2 orcs.

Vanquished Creatures
  An adder (D:3)
  3 orcs (D:3)
  7 endoplasms
  3 giant cockroaches (D:2)
  5 goblins
  5 hobgoblins
  9 jackals
  A quokka (D:1)
  A ball python (D:1)
  3 bats
  6 frilled lizards
  9 kobolds
  4 rats
57 creatures vanquished.

Vanquished Creatures (others)
  160 foxfires
  2 plants (D:1)
162 creatures vanquished.

Grand Total: 219 creatures vanquished

Notes
Turn   | Place    | Note
-------+----------+-------------------------------------------
     0 | D:1      | ders the Djinni Fire Elementalist began the quest for the
                  | Orb.
     0 | D:1      | Reached XP level 1. HP: 15/15 MP: 0/0
    97 | D:1      | Reached XP level 2. HP: 15/21 MP: 0/0
   201 | D:1      | Found a faded altar of an unknown god.
   372 | D:1      | Reached skill level 3 in Spellcasting
   693 | D:1      | Reached XP level 3. HP: 13/25 MP: 0/0
   693 | D:1      | Learned a level 1 spell: Slow
  1455 | D:2      | Found a sparkling altar of Nemelex Xobeh.
  1886 | D:2      | Found Iggirgh's Weapon Emporium.
  1908 | D:2      | Reached XP level 4. HP: 30/31 MP: 0/0
  1939 | D:2      | You are sucked into a shaft and drop 1 floor!
  1986 | D:3      | Found a transporter.
  2068 | D:3      | Found a blossoming altar of Fedhas.
  2249 | D:3      | Slain by an orc

Illustrated notes

Levels and vault maps discovered:
D:1:      psy_arrival_whirlpool, layout_basic,
          shapermc_ecumenical_altar_acropolis
D:2:      layout_basic, serial_shops, nicolae_shop_stone, basic_altar
D:3:      gammafunk_steamed_eel, layout_loops_ring,
          mainiacjoe_overflow_small_starburst,
          gammafunk_temple_overflow_elements, fedhas_altar_1

Skill      XL: |  1  2 |
---------------+-------+-----
Spellcasting   | 3 |  3.9
Dodging        | |  2.1
Stealth        | |  1.5

Action                   |  1- 3 |  4- 6 || total
-------------------------+-------+-------++-------
Melee: War axe           |     5 |       ||     5
 Cast: Foxfire           |    79 |    21 ||   100
       Scorch            |     4 |     8 ||    12
Armor: Robe              |       |     1 ||     1
Dodge: Dodged            |     8 |     3 ||    11

Table legend: (Time is in decaauts)
 A = Elapsed time spent in this place.
 B = Non-inter-level travel time spent in this place.
 C = Inter-level travel time spent in this place.
 D = Time resting spent in this place.
 E = Time spent auto-exploring this place.
 F = Levels seen in this place.
 G = Mean time per level.
                   A        B        C        D        E       F      G
               +--------+--------+--------+--------+--------+-----+--------+
         Total |   2249 |   2224 |     25 |    192 |   1709 |   3 |  749.7 |
       Dungeon |   2249 |   2224 |     25 |    192 |   1709 |   3 |  749.7 |
               +--------+--------+--------+--------+--------+-----+--------+

Top non-repeatable levels by time:
     D:1: 1397 daAuts
     D:2: 542 daAuts
     D:3: 309 daAuts
